 Dungeon Crawl Stone Soup version 0.29.1-1-gd02db6906a (webtiles) character file.

Game seed: 5159794636274589491

133 vvl the Sneak (level 5, -1/44 HPs)
             Began as a Naga Fire Elementalist on Sept 28, 2022.
             Was an Initiate of Cheibriados.
             Slain by an orc
             ... wielding a +0 club
              (4 damage)
             ... on level 4 of the Dungeon.
             The game lasted 00:06:47 (3942 turns).

vvl the Sneak (Naga Fire Elementalist)              Turns: 3942, Time: 00:06:49

Health: -1/44      AC: 10    Str: 10 (11) XL:     5   Next: 16%
Magic:  9/17       EV:  9    Int: 16 (18) God:    Cheibriados [......]
Gold:   164        SH:  0    Dex: 10 (13) Spells: 8/9 levels left

rFire   . . .      SeeInvis +   j - +0 short sword
rCold   . . .      Faith    .   (no shield)
rNeg    . . .      Spirit   .   q - +0 leather armour
rPois   +          Reflect  .   (no helmet)
rElec   .          Harm     .   c - +1 cloak
rCorr   .          Rampage  .   n - +0 pair of gloves
Will    .....                   (no barding)
Stlth   ++........              (no amulet)
HPRegen 0.14/turn               t - ring of magical power
MPRegen 0.15/turn               r - +4 ring of protection

@: weak-willed, flying, very slow
A: AC +1, large, see invisible, deformed body, poison resistance, slowness 2,
spit poison 1, naga tail 1
a: Spit Poison, Renounce Religion


You were on level 4 of the Dungeon.
You worshipped Cheibriados.
Cheibriados was noncommittal.
You visited 1 branch of the dungeon, and saw 4 of its levels.

You collected 164 gold pieces.

Inventory:

Hand Weapons
 j - a +0 short sword (weapon)
Armour
 c - a +1 cloak (worn)
 n - a +0 pair of gloves (worn)
 q - a +0 leather armour (worn)
Jewellery
 a - the ring of Umet {Ice rN+}
   (You found it on level 3 of the Dungeon)

   [ring of ice]

   It enhances your ice magic.
   rF:        It makes you vulnerable to fire.
   rC:        It protects you from cold.
   rN:        It protects you from negative energy.
 r - a +4 ring of protection (right hand)
 t - a ring of magical power (left hand)
 u - a ring of protection from cold
Scrolls
 e - 2 scrolls of magic mapping
 f - a scroll of teleportation {unknown}
 h - a scroll of enchant armour {unknown}
 k - a scroll of identify
Potions
 b - a potion of magic
 d - a potion of brilliance {unknown}
 g - a potion of heal wounds {unknown}
 i - a potion of flight
 m - a potion of attraction {unknown}
 o - a potion of mutation {unknown}
 p - 2 potions of degeneration
 s - a potion of curing {unknown}


   Skills:
 + Level 1.6 Fighting
 + Level 1.0 Armour
 + Level 2.0 Dodging
 + Level 3.8 Stealth
 + Level 2.5 Spellcasting
 + Level 1.7 Conjurations
 + Level 3.4 Fire Magic
 + Level 1.9 Poison Magic


You had 8 spell levels left.
You knew the following spells:

 Your Spells              Type           Power      Damage    Failure   Level
a - Foxfire               Conj/Fire      40%        2x1d6     10%         1

Your spell library contained the following spells:

 Spells                   Type           Power      Damage    Failure   Level
 Scorch                   Fire           24%        2d6       10%         2
 Apportation              Tloc           4%         N/A       26%         1
 Conjure Flame            Conj/Fire      10%        6-21      28%         3
 Inner Flame              Hex/Fire       7%         N/A       38%         3
 Flame Wave               Conj/Fire      10%        2d6       67%         4
 Alistair's Intoxication  Tmut/Pois      3%         N/A       99%         5


Dungeon Overview and Level Annotations

Branches:
Dungeon (4/15)
 Temple: D:4-7

Altars:
Cheibriados
Fedhas


Innate Abilities, Weirdness & Mutations

Your serpentine skin is tough. (AC +1)
You have supernaturally acute eyesight. (SInv)
Armour fits poorly on your strangely shaped body.
Your system is resistant to poisons. (rPois)
You cover ground very slowly.
You can spit poison.
You have a snake-like lower body.


Message History

The adder completely misses you.
The orc wizard hits you with a +0 dagger.
Casting: Foxfire (safe; 8% risk of failure)
Confirm with . or Enter, or press ? or * to list all spells.
You conjure some foxfire!
The adder bites you but does no damage.
The orc wizard points at you and mumbles some strange words.
The puff of flame hits you. The orc hits you but does no damage.
The orc priest hits you with a +0 club.
* * * LOW HITPOINT WARNING * * *
It was a potion of degeneration.
There was something very wrong with that liquid.
You feel weakened.
You feel dopey.
You feel clumsy.
The foxfire hits the orc priest but does no damage.
The foxfire hits the orc priest.
The orc priest is moderately wounded.
The adder closely misses you. The orc wizard closely misses you.
The orc hits you but does no damage. The orc priest closely misses you.
The adder bites you but does no damage.
It was a potion of flight.
You feel very buoyant.
You fly up into the air.
The orc wizard hits you with a +0 dagger.
* * * LOW HITPOINT WARNING * * *
The orc hits you but does no damage. The adder bites you but does no damage.
The orc priest hits you with a +0 club.
* * * LOW HITPOINT WARNING * * *
As you read the scroll labelled BUFINK JOSSEG, it crumbles to dust.
It is a scroll of identify.
e - 2 scrolls of magic mapping The adder bites you but does no damage.
The orc barely misses you. The orc priest hits you with a +0 club.
* * * LOW HITPOINT WARNING * * *
The orc wizard hits you but does no damage.
As you read the scroll labelled HEIZUEBUOLL, it crumbles to dust.
Magic quickly surges around you.
It was a scroll of vulnerability.
The adder bites you but does no damage. The orc priest hits you with a +0 club.
* * * LOW HITPOINT WARNING * * *
The orc wizard gestures at you while chanting.
You resist with some effort. The orc hits you with a +0 club.
You die...

#..# #.# .# .#..##.o#
#.#### .. ...o.oo.##
##....## .####
##.#####.###...#..##.....
#.......##.......#
###.###.#..#.......#
#.......#..†.......#
#.)oSo.........>...#
#..o@...#..#.........
#..........#.........
#[...................
#.......##........###
#.......######.####
######### #.# .#


You could see an orc priest (weak-willed), an orc wizard (weak-willed), an adder
(weak-willed) and an orc (weak-willed).

Vanquished Creatures
  An iguana (D:4)
  An orc wizard (D:4)
  3 adders (D:2)
  A worm (D:2)
  A dart slug (D:1)
  An orc (D:4)
  8 ball pythons
  6 endoplasms
  6 giant cockroaches
  2 goblins
  3 hobgoblins (D:2)
  5 kobolds
  2 quokkas
  3 bats
  4 frilled lizards
  A rat (D:1)
48 creatures vanquished.

Vanquished Creatures (collateral kills)
  4 foxfires
4 creatures vanquished.

Vanquished Creatures (others)
  185 foxfires
185 creatures vanquished.

Grand Total: 237 creatures vanquished

Notes
Turn   | Place    | Note
-------+----------+-------------------------------------------
     0 | D:1      | vvl the Naga Fire Elementalist began the quest for the Orb.
     0 | D:1      | Reached XP level 1. HP: 15/15 MP: 3/3
   211 | D:1      | Reached XP level 2. HP: 21/24 MP: 0/5
   975 | D:2      | Reached skill level 1 in Poison Magic
  1010 | D:2      | Reached XP level 3. HP: 17/30 MP: 1/6
  1553 | D:2      | Reached skill level 1 in Fighting
  1885 | D:2      | Found a blossoming altar of Fedhas.
  2176 | D:2      | Reached XP level 4. HP: 38/38 MP: 5/7
  2997 | D:3      | Found a snail-covered altar of Cheibriados.
  3003 | D:3      | Became a worshipper of Cheibriados the Contemplative
  3041 | D:3      | Identified the ring of Umet {Ice rN+}
  3881 | D:4      | Reached skill level 1 in Armour
  3935 | D:4      | Reached XP level 5. HP: 32/44 MP: 8/8
  3942 | D:4      | Slain by an orc

Illustrated notes

Levels and vault maps discovered:
D:1:      psy_arrival_fountain, layout_basic, dreamdust_mushroom_princess
D:2:      layout_loops_corners, basic_altar
D:3:      layout_loops_corners, cheibriados_altar_1, serial_bayou_lake_a
D:4:      layout_loops_cross, gup_sewer_entry_bubbles, enter_ossuary_3,
          st_stairs_7, hex_tiny, uniq_duvessa

Skill      XL: |  1  2  3  4 |
---------------+-------------+-----
Poison Magic   | 1 |  1.9
Fighting       | 1 |  1.6
Armour         | 1 |  1.0
Dodging        | 2 |  2.0
Stealth        | |  3.8
Spellcasting   | |  2.5
Conjurations   | |  1.7
Fire Magic     | |  3.4

Action                   |  1- 3 |  4- 6 || total
-------------------------+-------+-------++-------
Melee: Unarmed           |    41 |       ||    41
       Short sword       |    25 |    19 ||    44
       Punch             |     1 |       ||     1
 Cast: Foxfire           |    66 |    48 ||   114
  Use: Scroll            |       |     2 ||     2
       Potion            |       |     2 ||     2
 Stab: Sleeping          |     2 |       ||     2
Armor: Robe              |    22 |     5 ||    27
       Leather armour    |       |    27 ||    27
Dodge: Dodged            |    52 |    24 ||    76
